 Dungeon Crawl Stone Soup version 0.28.0-49-g6dfe1f597d (webtiles) character file.

Game seed: 9531112049687763663

2076 Peloso the Carver (level 9, -1/78 HPs)
             Began as a Minotaur Fighter on May 20, 2022.
             Was a Believer of Okawaru.
             Killed by divine providence
             ... invoked by an orc priest
              (12 damage)
             ... on level 7 of the Dungeon.
             The game lasted 00:18:21 (7994 turns).

Peloso the Carver (Minotaur Fighter)                Turns: 7994, Time: 00:18:21

Health: -1/78      AC: 13    Str: 22    XL:     9   Next: 6%
Magic:  7/8        EV:  3    Int:  5    God:    Okawaru [**....]
Gold:   320        SH:  0    Dex: 13    Spells: 8/8 levels left

rFire   . . .      SeeInvis .   a - +0 long sword
rCold   . . .      Faith    .   c - +0 kite shield
rNeg    . . .      Spirit   .   u - +0 plate armour
rPois   .          Reflect  .   (helmet restricted)
rElec   .          Harm     .   (no cloak)
rCorr   .          Rampage  .   (no gloves)
Will    .....                   (no boots)
Stlth   ..........              (no amulet)
HPRegen 0.23/turn               (no ring)
MPRegen 0.11/turn               (no ring)

@: marked, held, hasted, very quick
A: horns 2, retaliatory headbutt
a: Renounce Religion, Heroism


You were on level 7 of the Dungeon.
You worshipped Okawaru.
Okawaru was pleased with you.
You visited 2 branches of the dungeon, and saw 8 of its levels.
You also visited: Sewer.

You collected 320 gold pieces.

Inventory:

Hand Weapons
 a - a +0 long sword (weapon)
 b - a +2 spear of flaming
Armour
 c - a +0 kite shield (worn)
 u - a +0 plate armour (worn)
Jewellery
 v - a ring of resist corrosion
Wands
 j - a wand of polymorph (3)
 t - a wand of flame (32)
Scrolls
 f - a scroll of amnesia
 h - 2 scrolls of teleportation
 k - a scroll of blinking {unknown}
 n - a scroll of summoning
 p - 2 scrolls of brand weapon
 r - a scroll of enchant armour
Potions
 d - 2 potions of might
 e - 2 potions of cancellation {unknown}
 g - 2 potions of haste
 i - 4 potions of mutation
 l - a potion of resistance
 m - 2 potions of invisibility
 o - a potion of curing
 q - a potion of lignification {unknown}
 s - 2 potions of magic {unknown}


   Skills:
 + Level 6.6 Fighting
 + Level 8.8 Long Blades
 + Level 8.3 Armour
 + Level 3.6 Dodging
 + Level 1.0 Stealth
 + Level 5.8 Shields


You had 8 spell levels left.
You didn't know any spells.
Your spell library contained the following spells:

 Spells                   Type           Power      Damage    Failure   Level
 Inner Flame              Hex/Fire       0%         N/A       100%        3
 Cause Fear               Hex            0%         N/A       100%        4
 Fulminant Prism          Conj/Hex       0%         3d6       100%        4
 Iskenderun's Mystic Bla  Conj/Tloc      0%         2d3       100%        4
 Lee's Rapid Deconstruct  Erth           0%         3d5*      100%        5
 Discord                  Hex            0%         N/A       100%        8


Dungeon Overview and Level Annotations

Branches:
Dungeon (7/15)             Temple (1/1) D:4           Sewer (visited)

Altars:
Ashenzari
Cheibriados
Dithmenos
Makhleb
Nemelex Xobeh
Okawaru
Qazlal
Trog
Wu Jian
Zin
The Shining One

Shops:
D:1 ?**(   D:6 [

Annotations:
D:7 Harold


Innate Abilities, Weirdness & Mutations

You have a pair of horns on your head.
You reflexively headbutt those who attack you in melee.


Message History

You slash Harold! You headbutt Harold!
Harold is heavily wounded.
Harold points at you and mumbles some strange words.
The mark upon you grows brighter. You block the orc priest's attack.
You barely miss Harold.
Harold is heavily wounded.
Harold hits you but does no damage.
Unknown command.
You barely miss Harold.
Harold is heavily wounded.
The orc priest hits you from afar with a +0 trident.
Unknown command.
You barely miss Harold. You headbutt Harold!
Harold is heavily wounded.
Harold hits you with a +0 scimitar!!
* * * LOW HITPOINT WARNING * * *
The orc priest begins to cast a cantrip, but forgets the words!
Unknown command.
You barely miss Harold.
Harold is heavily wounded.
Harold barely misses you. The orc priest completely misses you.
Unknown command.
You hit Harold but do no damage.
Harold is heavily wounded.
Harold hits you with a +0 scimitar.
* * * LOW HITPOINT WARNING * * *
You block the orc priest's attack.
Unknown command.
You feel yourself speed up.
Harold grumbles, "Just give up already, I want to go home!"
You block Harold's attack. You block the orc priest's attack.
Harold throws a throwing net.
You block the throwing net.
You see here a throwing net.
You feel as though your hastened speed will last longer.
You feel like a meek peon again.
You feel better.
Harold throws a throwing net.
The throwing net hits you.
You become entangled in the net!
The orc priest mumbles some strange prayers to Beogh against you.
Beogh smites you!
You die...

#. ######..
...###### ........
#.......# ######.#
#@# # ...###.# #.#.#
....##.#########@#.#
.............).o{o.#
...........#####o###
........##.# #.o.#
#.####..##......#...
#.# #..#######. .###
#.# #..# ## ##


You could see Harold, an orc priest and 3 orcs.

Vanquished Creatures
  Grinder (D:6)
  Sigmund (D:2)
  Edmund (D:6)
  2 ice beasts
  A sky beast (D:6)
  A centaur (D:6)
  A phantom (D:6)
  2 kobold brigands (D:7)
  A bullfrog (D:6)
  A gnoll sergeant (D:4)
  3 scorpions (D:5)
  A howler monkey (D:6)
  2 hounds (D:4)
  4 jellies (Sewer)
  A centaur skeleton (D:5)
  Natasha (twice) (D:2 D:1)
  3 orc wizards
  13 gnolls
  7 adders
  A river rat (Sewer)
  2 ufetubi
  2 worms (D:2)
  3 dart slugs
  7 orcs
  10 bats
  16 endoplasms
  12 giant cockroaches
  7 goblins
  5 hobgoblins
  5 jackals
  7 quokkas
  9 ball pythons
  7 frilled lizards
  13 kobolds
  7 rats
161 creatures vanquished.

Notes
Turn   | Place    | Note
-------+----------+-------------------------------------------
     0 | D:1      | Peloso the Minotaur Fighter began the quest for the Orb.
     0 | D:1      | Reached XP level 1. HP: 19/19 MP: 0/0
   293 | D:1      | Reached XP level 2. HP: 26/27 MP: 1/1
   362 | D:1      | Found Xihy's Weapon Shoppe.
   466 | D:1      | Found Geunyceo's Assorted Antiques.
   521 | D:1      | Found Osmuywn's Magic Scroll Boutique.
   741 | D:1      | Reached XP level 3. HP: 6/33 MP: 2/2
   987 | D:1      | Found Giemp's Assorted Antiques.
  1071 | D:1      | Found a faded altar of an unknown god.
  1559 | D:2      | Noticed Natasha
  1564 | D:2      | Killed Natasha
  1565 | D:2      | Reached skill level 1 in Dodging
  1565 | D:2      | Reached XP level 4. HP: 24/40 MP: 3/3
  1810 | D:2      | Noticed Sigmund
  1821 | D:2      | Noticed Natasha
  1853 | D:1      | Killed Natasha
  2028 | D:2      | Killed Sigmund
  2029 | D:2      | Reached skill level 5 in Armour
  2029 | D:2      | Reached XP level 5. HP: 43/46 MP: 4/4
  2091 | D:2      | Reached skill level 5 in Long Blades
  2324 | D:2      | Reached XP level 6. HP: 52/52 MP: 5/5
  2806 | D:3      | Found a glowing drain.
  2828 | Sewer    | Entered a sewer
  3368 | Sewer    | Found a viscous altar of Jiyva.
  4043 | D:4      | Reached XP level 7. HP: 49/60 MP: 6/6
  4302 | D:4      | Found a staircase to the Ecumenical Temple.
  4311 | Temple   | Entered the Ecumenical Temple
  4429 | Temple   | Became a worshipper of Warmaster Okawaru
  4972 | D:5      | Entered Level 5 of the Dungeon
  5331 | D:5      | Found an ornate altar of the Wu Jian Council.
  5469 | D:5      | Reached skill level 5 in Fighting
  5721 | D:4      | Reached * piety under Okawaru
  6139 | D:5      | Found a broken altar of Ashenzari.
  6487 | D:5      | Found a burning altar of Makhleb.
  6523 | D:5      | Reached XP level 8. HP: 66/68 MP: 7/7
  6586 | D:5      | Noticed an Executioner
  6590 | D:5      | Found a glowing silver altar of Zin.
  6591 | D:5      | Noticed an angel
  6774 | D:6      | Reached skill level 5 in Shields
  6832 | D:6      | Noticed Grinder
  6846 | D:6      | Paralysed by Grinder for 3 turns
  6850 | D:6      | Killed Grinder
  7095 | D:6      | Reached ** piety under Okawaru
  7276 | D:6      | Found Vishrum's Antique Armour Shop.
  7468 | D:6      | Found a bloodstained altar of Trog.
  7509 | D:6      | Reached skill level 1 in Stealth
  7546 | D:6      | Noticed Edmund
  7560 | D:6      | Killed Edmund
  7815 | D:7      | Reached XP level 9. HP: 58/78 MP: 8/8
  7973 | D:7      | Noticed Harold
  7994 | D:7      | Killed from afar by an orc priest

Illustrated notes

Levels and vault maps discovered:
D:1:      roderic_crossed_star, layout_basic, shapermc_ecumenical_altar_venn,
          serial_shops, nicolae_shop_advertising_works
          [nicolae_subvault_shop_adworks], shop, shop,
          nicolae_shop_bloodbath_and_beyond, minivault_24
D:2:      layout_loops_ring, grunt_decor_mini_mirrors, st_stairs_8,
          grunt_ministairs_8, roderic_lattice_a, uniq_natasha, uniq_sigmund
D:3:      minmay_chambers_of_threes, layout_basic, portal_sewer_entry_f,
          kennysheep_boxes
D:4:      layout_cave_pools, minmay_temple_entry_waves, st_stairs_2,
          minivault_25
D:5:      layout_cave_pools, grunt_temple_overflow_order_and_chaos_2,
          evilmike_ruin_ashenzari, mainiacjoe_overflow_chevrons
D:6:      layout_loops_ring, general_overflow_altar, serial_shops, shop,
          uniq_edmund, uniq_grinder
D:7:      layout_loops_ring, uniq_harold
Temple:   nicolae_temple_figure_eight

Skill      XL: |  1  2  3  4  5  6  7  8 |
---------------+-------------------------+-----
Armour         | 4 5 6 7 8 |  8.3
Fighting       | 4 5 6 |  6.6
Long Blades    | 3 4 5 6 8 |  8.8
Dodging        | 1 2 3 |  3.6
Shields        | 4 5 |  5.8
Stealth        | 1 |  1.0

Action                   |  1- 3 |  4- 6 |  7- 9 || total
-------------------------+-------+-------+-------++-------
Melee: Long sword        |    66 |   141 |   222 ||   429
       Headbutt          |     7 |    24 |    42 ||    73
Invok: Heroism           |       |       |     2 ||     2
  Use: Scroll            |     2 |     7 |     3 ||    12
       Potion            |       |     2 |     4 ||     6
Armor: Scale mail        |    33 |    70 |    32 ||   135
       Plate armour      |       |       |    84 ||    84
Dodge: Dodged            |    31 |    88 |    77 ||   196
Block: Buckler           |     6 |    36 |    32 ||    74
       Kite shield       |       |       |    79 ||    79
